 Dungeon Crawl Stone Soup version 0.17-a0-744-gaa96792 (webtiles) character file.

52577 xeno23 the Impaler (level 14, -20/108 HPs)
             Began as a Merfolk Ice Elementalist on Apr 21, 2015.
             Was the Champion of Vehumet.
             Froze to death (26 damage)
             ... on level 4 of the Orcish Mines.
             The game lasted 03:40:39 (25681 turns).

xeno23 the Impaler (Merfolk Ice Elementalist)      Turns: 25681, Time: 03:40:39

Health: -20/108    AC: 14    Str: 10    XL:     14   Next: 64%
Magic:  6/33       EV: 17    Int: 20    God:    Vehumet [******]
Gold:   2378       SH:  5    Dex: 14    Spells: 7 memorised, 0 levels left

rFire  . . .     SeeInvis .     P - +2 trident (flame)
rCold  . . .     Clarity  .     B - +3 troll leather armour {Purgy}
rNeg   . . .     SustAb   .     j - +0 buckler
rPois  .         Gourm    +     u - +2 helmet
rElec  .         Spirit   .     S - +2 cloak
rCorr  .         Warding  .     (no gloves)
rMut   .         Stasis   .     i - +0 pair of boots
MR     +....                    n - amulet of the gourmand
Stlth  ++........               J - ring of magical power
                                W - +4 ring of intelligence

@: no potions, drained, somewhat resistant to hostile enchantments, unstealthy
A: change form in water, swift swim, fangs 1, dopey 1, mutation resistance 1
a: Renounce Religion


You were on level 4 of the Orcish Mines.
You worshipped Vehumet.
Vehumet was exalted by your worship.
You were very full.

You visited 4 branches of the dungeon, and saw 23 of its levels.
You also visited: Labyrinth, Sewer and Volcano.

You collected 2378 gold pieces.

Inventory:

Hand weapons
 P - a +2 trident of flaming (weapon)
 X - a +0 blowgun
Missiles
 h - 6 steel javelins (quivered)
 V - 4 throwing nets
 Z - 44 poisoned needles
Armour
 b - a +2 leather armour of fire resistance
 i - a +0 pair of boots (worn)
 j - a +0 buckler (worn)
 u - a +2 helmet (worn)
 B - a +3 troll leather armour (worn) {Purgy}
 S - a +2 cloak (worn)
Jewellery
 a - the ring of Kowkowki {Wiz rC+}
   (You found it on level 2 of the Lair of Beasts)

   [ring of wizardry]

   It improves your spell success rate.
   It protects you from cold.
 n - an amulet of the gourmand (around neck)
 o - an uncursed ring of magical power
 F - the amulet "Rodion Loext" {rCorr +Fly rN+ Str+4 Dex-2}
   (You found it on level 7 of the Lair of Beasts)

   [amulet of resist corrosion]

   It protects you from acid and corrosion.
   It affects your strength (+4).
   It affects your dexterity (-2).
   It protects you from negative energy.
   It lets you fly.
 J - a ring of magical power (right hand)
 U - an uncursed ring of poison resistance
 W - a +4 ring of intelligence (left hand)
Magical devices
 c - a wand of cold (5)
 s - a wand of confusion (34)
 y - a wand of lightning (3)
 z - a wand of teleportation (0)
 L - a wand of digging (12)
Scrolls
 d - 4 scrolls of teleportation
 e - 3 scrolls of fear
 r - a scroll of amnesia
 C - 3 scrolls of blinking
 G - 2 scrolls of magic mapping
 N - 3 scrolls of remove curse
Potions
 g - 5 potions of magic
 k - 3 potions of agility
 l - a potion of flight {unknown}
 p - 2 potions of berserk rage
 q - 2 potions of cancellation
 t - 6 potions of brilliance
 v - 6 potions of curing
 w - a potion of resistance
 D - 3 potions of invisibility
 E - 3 potions of haste
 I - 3 potions of restore abilities
 K - a potion of heal wounds
 M - 2 potions of ambrosia
 O - 2 potions of might
Miscellaneous
 R - a phial of floods
Comestibles
 f - 2 bread rations
 m - 9 meat rations
 x - 2 chunks of flesh


   Skills:
 - Level 9.0(8.2) Fighting
 - Level 15.0(14.0) Polearms
 - Level 11.5(10.6) Dodging
 - Level 2.1(1.5) Stealth
 - Level 4.0(3.3) Shields
 + Level 6.8(6.1) Spellcasting
 - Level 5.4(4.7) Conjurations
 - Level 5.1(4.4) Charms
 - Level 7.0(6.2) Summonings
 - Level 5.0(4.3) Necromancy
 - Level 13.9(13.1) Ice Magic


You couldn't memorise any spells.
You knew the following spells:

 Your Spells              Type           Power        Failure   Level  Hunger
a - Freeze                Ice            ####         1%          1    None
b - Sublimation of Blood  Necr           ###.......   4%          2    None
c - Summon Ice Beast      Ice/Summ       #####...     2%          4    ####...
d - Ozocubu's Refrigerat  Ice            ######....   3%          6    #######
q - Bolt of Cold          Conj/Ice       #####.....   28%         6    #######
w - Throw Icicle          Conj/Ice       #####...     1%          4    ####...
x - Ozocubu's Armour      Chrm/Ice       #####...     1%          3    ##.....


Dungeon Overview and Level Annotations

Branches:
Dungeon (10/15)            Temple (1/1) D:7            Lair (8/8) D:8
  Swamp (0/5) Lair:3       Spider (0/5) Lair:6        Slime (0/6) Lair:8
    Orc (4/4) D:10            Elf (0/3) Orc:3

Altars:
Ashenzari
Cheibriados
Dithmenos
Elyvilon
Fedhas
Gozag
Kikubaaqudgha
Makhleb
Nemelex Xobeh
Okawaru
Qazlal
Ru
Sif Muna
Trog
Vehumet
Xom
Yredelemnul
Zin
The Shining One
Beogh
Jiyva

Shops:
D:5 (   Orc:4 [

Annotations:
Lair:6 abixa's ghost, mighty OgHu
Orc:4 Azrael


Innate Abilities, Weirdness & Mutations

You revert to your normal form in water.
You are very nimble and swift while swimming.
You have very sharp teeth.
You are dopey. (Int -2)
You are somewhat resistant to further mutation.


Message History

You kill the hell hound!
Vehumet accepts your kill.
The hell hound is frozen!
You kill the hell hound!
Vehumet accepts your kill.
You feel your power returning.
You take 23 damage.
Casting: Ozocubu's Refrigeration
Confirm with . or Enter, or press ? or * to list all spells.
The heat is drained from your surroundings.
You feel very cold.
Azrael is frozen.
Azrael is frozen!
Azrael gestures at you.
The fireball explodes!
The fireball engulfs you!
* * * LOW HITPOINT WARNING * * *
You take 37 damage.
Casting: Ozocubu's Refrigeration
Confirm with . or Enter, or press ? or * to list all spells.
The heat is drained from your surroundings.
You feel very cold.
You die...

##..#............
#####...........
##†...........
##.#(....#.##.
##.........##
#....)......#
##...#.....##
##.......##
##.@...##
#...#...#
.....†##.##
#...$..R. ##
##......#
####.#.# ##.§.
..# .##


You could see Azrael.

Vanquished Creatures
  A fire dragon (Lair:8)
  3 hydras
  2 death yaks
  An orc high priest (Orc:4)
  2 orc knights
  A hill giant (D:10)
  A griffon (Lair:7)
  2 black mambas (Lair:8)
  3 elephants (Lair:8)
  2 orc sorcerers (Orc:4)
  Maurice (D:8)
  11 spiny frogs
  2 fire drakes (Lair:7)
  3 komodo dragons
  A troll (Orc:4)
  A two-headed ogre (D:10)
  A wandering mushroom (Lab)
  Grinder (D:6)
  A vampire (Volcano)
  2 trapdoor spiders (Lab)
  10 blink frogs
  A boulder beetle (Lair:7)
  2 deep elf magi (D:10)
  2 flying skulls (Volcano)
  27 yaks
  3 fire elementals (Orc:4)
  4 hippogriffs
  3 basilisks
  A human (D:8)
  3 vampire mosquitoes
  2 steam dragons (Lair:8)
  3 hungry ghosts (Lab)
  11 wolves
  8 water moccasins
  A swamp worm (D:9)
  10 porcupines
  4 hell hounds (Orc:4)
  2 wargs
  16 orc warriors
  4 ogres
  Purgy (Sewer)
  2 sky beasts (D:6)
  A swamp drake (Lair:8)
  An ice beast (D:7)
  2 phantoms
  A centaur (D:5)
  8 crocodiles
  The ghost of oplop the Digger, an average GrEE (D:3)
  3 big kobolds
  2 boring beetles
  8 giant frogs
  An earth elemental (Lab)
  2 scorpions (D:8)
  3 wights (D:10)
  6 killer bees
  An electric eel (Lair:3)
  19 orc priests
  4 jellies
  4 crimson imps
  5 hounds
  Crazy Yiuf (D:3)
  17 iguanas
  28 orc wizards
  A quasit (D:6)
  2 hell rats (Lair:5)
  13 sheep
  7 worker ants
  A mummy (Volcano)
  Robin (D:2)
  5 gnolls
  27 river rats
  7 adders
  A shadow imp (D:9)
  11 worms
  2 giant geckos
  102 orcs
  19 bats
  A bat skeleton (D:7)
  19 hobgoblins
  12 jackals
  35 kobolds
  3 quokkas
  9 giant cockroaches
  A giant gecko skeleton (D:5)
  5 giant newts
  41 goblins
  2 quokka skeletons
  11 rats
  3 ballistomycetes (D:8)
  A fungus (D:8)
  A plant (D:9)
623 creatures vanquished.

Vanquished Creatures (collateral kills)
  Gastronok (Lair:1)
  A minotaur (Lab)
  Erolcha (D:8)
  Harold (Lair:2)
  6 hydras
  4 death yaks
  2 hill giants
  3 orc knights
  3 elephants (Lair:8)
  A black mamba (Lair:5)
  5 spiny frogs
  A gargoyle (D:10)
  6 komodo dragons
  A fire drake (Lair:8)
  A polar bear (Lair:2)
  8 blink frogs
  4 basilisks
  3 vampire mosquitoes
  5 hippogriffs
  A steam dragon (Lair:8)
  A wyvern (D:9)
  29 yaks
  3 water moccasins
  11 wolves
  A hungry ghost (Lab)
  3 swamp worms (D:9)
  2 mottled dragons (Lair:8)
  A black bear (D:8)
  A centaur (D:10)
  4 orc warriors
  A boring beetle (Lair:7)
  2 ogres (D:9)
  8 crocodiles
  6 giant frogs
  A gnoll sergeant (D:6)
  3 killer bees
  A scorpion (D:7)
  A wight (D:10)
  3 orc wizards
  A jelly (D:10)
  5 orc priests
  A quasit (D:8)
  A centaur skeleton (D:8)
  2 worker ants
  4 hell rats (Lair:5)
  3 sheep (Lair:4)
  21 river rats
  3 gnolls (D:6)
  5 worms (D:9)
  19 orcs
  A bat (D:10)
  2 hobgoblins
  A quokka (Lair:1)
  3 ballistomycetes (D:8)
  A plant (Lair:7)
213 creatures vanquished.

Vanquished Creatures (others)
  A vampire (Volcano)
  A water elemental (Lair:3)
  115 ice beasts
  2 ufetubi (Orc:4)
  An orc (Orc:4)
  2 giant spores (D:8)
  12 fungi
  6 plants
140 creatures vanquished.

Grand Total: 976 creatures vanquished

Notes
Turn   | Place    | Note
--------------------------------------------------------------
     0 | D:1      | xeno23, the Merfolk Ice Elementalist, began the quest for the Orb.
     0 | D:1      | Reached XP level 1. HP: 13/13 MP: 3/3
   227 | D:1      | Reached XP level 2. HP: 14/19 MP: 1/5
   248 | D:1      | Reached skill level 4 in Ice Magic
  1068 | D:1      | Reached XP level 3. HP: 20/24 MP: 4/6
  1692 | D:2      | Learned a level 3 spell: Ozocubu's Armour
  1779 | D:2      | Reached skill level 1 in Charms
  2073 | D:2      | Reached skill level 5 in Ice Magic
  2073 | D:2      | Reached XP level 4. HP: 30/30 MP: 4/7
  2307 | D:2      | Noticed Robin
  2375 | D:2      | Killed Robin
  2513 | D:3      | Noticed oplop's ghost (average GrEE)
  2881 | D:4      | Reached XP level 5. HP: 35/35 MP: 6/8
  3266 | D:4      | Noticed a phantom
  3305 | D:3      | Reached XP level 6. HP: 38/41 MP: 6/9
  3320 | D:3      | Killed oplop's ghost
  3645 | D:3      | Learned a level 4 spell: Summon Ice Beast
  3668 | D:3      | Noticed Crazy Yiuf
  3682 | D:3      | Killed Crazy Yiuf
  3682 | D:3      | Reached skill level 6 in Ice Magic
  4031 | D:3      | Found a sacrificial altar of Ru.
  4039 | D:3      | Reached skill level 5 in Charms
  4209 | D:4      | Killed a phantom
  4209 | D:4      | Reached skill level 1 in Summonings
  4209 | D:4      | Reached XP level 7. HP: 31/46 MP: 6/10
  5334 | D:5      | Entered Level 5 of the Dungeon
  5557 | D:5      | Reached XP level 8. HP: 41/52 MP: 2/11
  5702 | D:5      | Found a glowing drain.
  5724 | Sewer    | Entered a sewer
  5727 | Sewer    | Noticed Purgy
  5735 | Sewer    | Killed Purgy
  5735 | Sewer    | Reached skill level 7 in Ice Magic
  5832 | Sewer    | Reached skill level 5 in Summonings
  6169 | D:5      | Found Ipsumadgh's Antique Weapon Shop.
  6352 | D:6      | Noticed Grinder
  6372 | D:6      | Paralysed by Grinder for 2 turns
  6389 | D:6      | Paralysed by Grinder for 4 turns
  6396 | D:6      | Killed Grinder
  6893 | D:6      | Reached skill level 8 in Ice Magic
  6970 | D:6      | Reached XP level 9. HP: 49/58 MP: 4/12
  6994 | D:6      | Reached skill level 1 in Fighting
  7049 | D:6      | Learned a level 4 spell: Throw Icicle
  7515 | D:7      | Reached skill level 1 in Polearms
  7515 | D:7      | Reached skill level 1 in Conjurations
  7892 | D:7      | Found a staircase to the Ecumenical Temple.
  7902 | Temple   | Entered the Ecumenical Temple
  8044 | Temple   | Became a worshipper of Vehumet
  8311 | D:7      | Found a shattered altar of Ashenzari.
  8662 | D:8      | Noticed Maurice
  8909 | D:8      | Noticed Erolcha
  8923 | D:8      | Paralysed by something for 7 turns
  9180 | D:9      | Acquired Vehumet's first power
  9180 | D:9      | Offered knowledge of Shock by Vehumet.
  9261 | D:9      | Reached skill level 5 in Dodging
  9492 | D:9      | Reached skill level 5 in Polearms
  9492 | D:9      | Reached XP level 10. HP: 64/69 MP: 9/14
  9638 | D:9      | Noticed a hill giant
  9645 | D:9      | Killed a hill giant
  9645 | D:9      | Reached skill level 9 in Ice Magic
 10037 | D:9      | Offered knowledge of Sandblast by Vehumet.
 10409 | D:8      | Killed Erolcha
 10529 | D:8      | Killed Maurice
 10552 | D:8      | Found a staircase to the Lair.
 10580 | D:8      | Offered knowledge of Mephitic Cloud by Vehumet.
 10871 | D:8      | Noticed an orange demon
 10884 | D:8      | Acquired Vehumet's second power
 10910 | D:8      | Noticed a rust devil
 10912 | D:8      | Noticed an orange demon
 10914 | D:8      | Found an ancient bone altar of Kikubaaqudgha.
 11150 | Lair:1   | Entered Level 1 of the Lair of Beasts
 11159 | Lair:1   | Noticed Gastronok
 11181 | Lair:1   | Killed Gastronok
 11181 | Lair:1   | Reached skill level 5 in Conjurations
 11181 | Lair:1   | Reached XP level 11. HP: 59/78 MP: 1/17
 11397 | Lair:1   | Found a dark tunnel.
 11405 | Volcano  | Entered a volcano
 12085 | Lair:1   | Offered knowledge of Sticky Flame by Vehumet.
 12548 | Lair:1   | Reached skill level 5 in Spellcasting
 12554 | Lair:1   | Reached skill level 10 in Ice Magic
 12978 | Lair:1   | Reached skill level 1 in Shields
 12994 | Lair:1   | Reached skill level 5 in Fighting
 13212 | Lair:1   | Acquired Vehumet's third power
 13331 | Lair:2   | Reached skill level 10 in Polearms
 13337 | Lair:2   | Offered knowledge of Inner Flame by Vehumet.
 13683 | Lair:2   | Got a vibrating platinum ring
 13685 | Lair:2   | Identified the ring of Kowkowki {Wiz rC+} (You found it on level 2 of the Lair of Beasts)
 13812 | Lair:2   | Identified a scroll of acquirement
 13879 | Lair:2   | Noticed Harold
 13906 | Lair:2   | Killed Harold
 13906 | Lair:2   | Reached XP level 12. HP: 86/86 MP: 10/19
 14187 | Lair:2   | Reached skill level 11 in Polearms
 14391 | Lair:3   | Noticed a five-headed hydra
 14495 | Lair:3   | Found a labyrinth entrance.
 14505 | Lab      | Entered a labyrinth
 14975 | Lab      | Noticed a minotaur
 14998 | Lab      | Killed a minotaur
 15000 | Lab      | Got an ichor-stained morningstar {drain}
 15000 | Lab      | Got a bloodstained ring mail
 15106 | Lab      | Identified the +9 morningstar of Sobaj {drain, rElec rN+++ Str-3 Dex-4} (You took it off a minotaur in a labyrinth)
 15117 | Lab      | Identified the +2 ring mail of Intercession {Contam rF+ rN+ Dex+4} (You took it off a minotaur in a labyrinth)
 15168 | Lair:3   | Gained mutation: You are dopey. (Int -2) [mutagenic glow]
 15169 | Lair:3   | Noticed a five-headed hydra
 15182 | Lair:3   | Killed a five-headed hydra
 15382 | Lair:3   | Reached skill level 12 in Polearms
 15482 | Lair:3   | Killed a five-headed hydra
 15482 | Lair:3   | Offered knowledge of Venom Bolt by Vehumet.
 15924 | Lair:3   | Found a staircase to the Swamp.
 16951 | Lair:4   | You fall through a shaft!
 17082 | Lair:4   | Noticed a four-headed hydra
 17091 | Lair:4   | Killed a four-headed hydra
 17091 | Lair:4   | Reached skill level 13 in Polearms
 17183 | Lair:5   | Noticed an eight-headed hydra
 17209 | Lair:4   | Killed an eight-headed hydra
 17209 | Lair:4   | Reached XP level 13. HP: 26/96 MP: 2/20
 17826 | Lair:5   | Reached skill level 10 in Dodging
 18066 | Lair:6   | Noticed abixa's ghost (mighty OgHu)
 18258 | Lair:7   | Learned a level 2 spell: Sublimation of Blood
 18678 | Lair:7   | Reached skill level 1 in Necromancy
 18692 | Lair:7   | Reached skill level 14 in Polearms
 19009 | Lair:7   | Got a shimmering ruby amulet
 19011 | Lair:7   | Identified the amulet "Rodion Loext" {rCorr +Fly rN+ Str+4 Dex-2} (You found it on level 7 of the Lair of Beasts)
 19357 | Lair:7   | Offered knowledge of Bolt of Draining by Vehumet.
 19624 | Lair:8   | Entered Level 8 of the Lair of Beasts
 19795 | Lair:8   | Found a viscous altar of Jiyva.
 19797 | Lair:8   | Gained mutation: You have very sharp teeth. [potion of mutation]
 19797 | Lair:8   | Gained mutation: You are somewhat resistant to further mutation. [potion of mutation]
 19805 | Lair:8   | Found a staircase to the Slime Pits.
 20277 | Lair:8   | Reached XP level 14. HP: 26/106 MP: 4/21
 20313 | Lair:8   | Reached skill level 15 in Polearms
 21742 | Lair:6   | Offered knowledge of Bolt of Cold by Vehumet.
 21775 | Lair:6   | Learned a level 6 spell: Bolt of Cold
 21903 | Lair:6   | Found a hole to the Spider Nest.
 22188 | D:10     | Entered Level 10 of the Dungeon
 22188 | D:10     | Found a staircase to the Orcish Mines.
 22620 | Orc:1    | Entered Level 1 of the Orcish Mines
 22644 | Orc:1    | Found a burning altar of Makhleb.
 22867 | Orc:1    | Reached skill level 5 in Necromancy
 23204 | Orc:2    | Offered knowledge of Conjure Ball Lightning by Vehumet.
 23811 | Orc:3    | Found a staircase to the Elven Halls.
 24276 | Orc:4    | Entered Level 4 of the Orcish Mines
 24412 | Orc:4    | Offered knowledge of Ozocubu's Refrigeration by Vehumet.
 24620 | Orc:4    | Noticed an orc warlord
 24621 | Orc:4    | Found a roughly hewn altar of Beogh.
 25533 | Orc:4    | Found Ufroablu's Antique Armour Emporium.
 25581 | Orc:4    | Learned a level 6 spell: Ozocubu's Refrigeration
 25676 | Orc:4    | Noticed Azrael
 25681 | Orc:4    | Froze to death

Action                   |  1- 3 |  4- 6 |  7- 9 | 10-12 | 13-15 || total
-------------------------+-------+-------+-------+-------+-------++-------
Melee: Unarmed           |    43 |       |       |       |       ||    43
       Dagger            |    28 |   146 |       |       |       ||   174
       Trident           |       |    19 |   376 |   850 |  1287 ||  2532
       Morningstar       |       |       |       |     4 |       ||     4
 Fire: Hunting sling     |       |     5 |    18 |     6 |       ||    29
Throw: Javelin           |       |       |       |     2 |     2 ||     4
 Cast: Freeze            |    45 |    73 |   164 |   101 |    31 ||   414
       Ozocubu's Armour  |       |     7 |    21 |    38 |    47 ||   113
       Summon Ice Beast  |       |       |    15 |    96 |   126 ||   237
       Throw Icicle      |       |       |       |    30 |    43 ||    73
       Sublimation of Bl |       |       |       |       |    14 ||    14
       Bolt of Cold      |       |       |       |       |    19 ||    19
       Ozocubu's Refrige |       |       |       |       |     5 ||     5
Evoke: Wand              |       |       |       |     5 |     3 ||     8
       Phial of floods   |       |       |       |     1 |     1 ||     2
  Use: Scroll            |       |     7 |     9 |    11 |    12 ||    39
       Potion            |       |     2 |       |     4 |     3 ||     9
 Stab: Sleeping          |       |     3 |    23 |     6 |     3 ||    35
       Paralysed         |       |     1 |       |       |       ||     1
       Distracted        |       |       |       |     7 |     8 ||    15
  Eat: Chunk             |     4 |     9 |    25 |    58 |    73 ||   169
       Royal jelly       |       |       |     1 |     1 |     1 ||     3
       Beef jerky        |       |       |       |     2 |     1 ||     3
       Pizza             |       |       |       |       |     3 ||     3
